 Dungeon Crawl Stone Soup version 0.31-a0-145-g046c7d2549 (webtiles) character file.

Game seed: 17271219225135015692

178 lunkers the Slasher (level 6, -2/51 HPs)
             Began as a Meteoran Fighter on June 2, 2023.
             Succumbed to a kobold brigand's curare-tipped dart
             ... in a sewer on June 5, 2023.
             The game lasted 00:08:41 (1284 turns).

lunkers the Slasher (Meteoran Fighter)              Turns: 1284, Time: 00:08:41

Health: -2/51      AC: 26    Str: 15 (17) XL:     6   Next: 13%
Magic:  7/7        EV:  0    Int: 12 (13) God:
Gold:   158        SH:  5    Dex: 15 (16) Spells: 5/5 levels left

rFire   . . .        a - +1 long sword (venom)
rCold   . . .        c - +0 buckler
rNeg    . . .        b - +8 orange crystal plate armour {Archmagi, Int+3 Clar}
rPois   .            v - +1 helmet
rElec   .            (no cloak)
rCorr   .            (no gloves)
SInv    .            (no boots)
Will    .....        (no amulet) Stlth
                     (no ring)
HPRegen 0.28/turn    (no ring)
MPRegen 0.10/turn

%: clarity, archmagi
@: lethally poisoned (-2 -> -14), glowing
A: sense surroundings 1, otherworldly, glowing, explore regen
a: no special abilities


You were in a sewer.
You visited 1 branch of the dungeon, and saw 4 of its levels.
You also visited: Sewer.

You collected 158 gold pieces.

Inventory:

Hand Weapons
 a - a +1 long sword of venom (weapon)
 u - a +3 flail
Armour
 b - the +8 orange crystal plate armour (worn) {Archmagi, Int+3 Clar}
   (You acquired it in a sewer)

   Int:       It affects your intelligence (+3).
   Clar:      It protects you from confusion, rage, mesmerisation and fear.
 c - a +0 buckler (worn)
 m - the +1 leather armour "Levejice" {Str+4 Int+3}
   (You found it on level 2 of the Dungeon)

   Str:       It affects your strength (+4).
   Int:       It affects your intelligence (+3).
 v - a +1 helmet (worn)
Magical Staves
 o - a staff of earth
Wands
 s - a wand of quicksilver (14)
Scrolls
 f - a scroll of enchant weapon
 p - a scroll of summoning
Potions
 d - 2 potions of might
 e - 2 potions of brilliance
 n - a potion of attraction {unknown}
 r - a potion of heal wounds {unknown}


   Skills:
 - Level 3.2 Fighting
 + Level 6.8 Long Blades
 - Level 3.6 Armour
 - Level 3.6 Shields


You had 5 spell levels left.
You didn't know any spells.
Your spell library contained the following spells:

 Spells                   Type           Power      Damage    Failure   Level
 Apportation              Tloc           0%         N/A       100%        1
 Necrotise                Necr           0%         1d4       100%        1
 Summon Small Mammal      Summ           0%         N/A       100%        1


Dungeon Overview and Level Annotations

Branches:
Dungeon (4/15) Zot: 1293    Sewer (1/1) Zot: 345
 Temple: D:4-7

Altars:
Vehumet


Innate Abilities, Weirdness & Mutations

You passively map a small area around you.
You are easily found by Zot.
You glow in the dark.
You regain HP and MP as you explore.


Message History

The kobold brigand throws a curare-tipped dart.
The curare-tipped dart hits your adder.
Your adder is poisoned.
Your adder convulses.
Your adder seems to slow down.
Your adder misses the kobold brigand.
The kobold brigand throws a curare-tipped dart.
The curare-tipped dart hits your adder.
Your adder looks as sick as possible!
Your adder convulses.
Your adder dies!
Your adder's corpse dissolves into shadows!
You feel sick.
You feel sick.
The kobold brigand throws a curare-tipped dart.
The curare-tipped dart hits you.
You are lethally poisoned!
You have difficulty breathing.
* * * LOW HITPOINT WARNING * * *
You feel as though you will be slow longer.
It was a potion of lignification.
You turn into a tree.
Your +1 helmet melds into your body.
The +8 orange crystal plate armour {Archmagi, Int+3 Clar} melds into your body.
You feel strangely numb.
Your roots penetrate the ground.
* * * LOW HITPOINT WARNING * * *
You feel extremely sick.
An adder comes into view.
It was a potion of degeneration.
There was something very wrong with that liquid.
You feel weakened.
You feel dopey.
You feel clumsy.
* * * LOW HITPOINT WARNING * * *
You feel very sick.
The kobold brigand throws a curare-tipped dart.
The curare-tipped dart hits you.
It was a potion of cancellation.
Your magical effects are unravelling.
You feel magically purged.
You feel less wooden.
Your +1 helmet unmelds from your body.
The +8 orange crystal plate armour {Archmagi, Int+3 Clar} unmelds from your body.
You feel strangely lacking in power.
You feel yourself speed up.
You die...

*,~ ######.~~##~#.∩.≈≈
** #~~~~~~~.##~#....≈
######~.###~#..### ~
#~~....## #~#P.~~~ ~
#..~S~~# #~##.### ~
*##P####P~~~.# #~##P.P≈
~~~~~~~P.~.## #~###.P≈
~#########.~~########
#### ~
~.~~~.~~.@†K.~~~~~~~ ~*
~
~~~.~~~.~.~)~######.###
* , ....~~~..~~.~.# ,
#~# ~..~..~...~..~##
*#~# ~~ ~
..~.P.~.~~..~~.#* ~#~#
~ ~ ~~.PP~P...~.~~~###
#~# ~
..#~#.~P~~~.~.~~.## #~#
~ .
#~#...P.P.~~....###~# ≈
~ #
#≈≈.~..~.~~.~..##~#≈≈≈


You could see a kobold brigand and an adder.

Vanquished Creatures
  A hound (D:3)
  7 adders
  A white imp (D:3)
  4 orcs (D:3)
  5 bats
  7 endoplasms
  6 giant cockroaches
  4 hobgoblins (D:1)
  7 jackals
  5 kobolds
  8 quokkas
  5 ball pythons
  A frilled lizard (Sewer)
  A goblin (D:1)
  6 rats
68 creatures vanquished.

Notes
Turn   | Place    | Note
-------+----------+-------------------------------------------
     0 | D:1      | lunkers the Meteoran Fighter began the quest for the Orb.
     0 | D:1      | Reached XP level 1. HP: 19/19 MP: 2/2
    97 | D:1      | Reached skill level 3 in Long Blades
    97 | D:1      | Reached XP level 2. HP: 24/26 MP: 3/3
   211 | D:1      | Reached XP level 3. HP: 15/31 MP: 4/4
   298 | D:1      | Reached skill level 4 in Long Blades
   532 | D:2      | Identified the +1 leather armour "Levejice" {Str+4 Int+3}
   688 | D:3      | Reached XP level 4. HP: 38/38 MP: 5/5
   705 | D:3      | Upgraded the game from 0.31-a0-133-gaae73658be to
                  | 0.31-a0-145-g046c7d2549
   762 | D:3      | Reached skill level 5 in Long Blades
   765 | D:3      | Reached XP level 5. HP: 7/45 MP: 6/6
   906 | D:3      | Found a radiant altar of Vehumet.
  1033 | D:4      | Reached skill level 6 in Long Blades
  1051 | D:4      | Found a glowing drain.
  1072 | Sewer    | Entered a sewer
  1189 | Sewer    | Reached XP level 6. HP: 39/51 MP: 7/7
  1235 | Sewer    | Identified a scroll of acquirement
  1235 | Sewer    | Acquired the +8 orange crystal plate armour {Archmagi,
                  | Int+3 Clar}
  1235 | Sewer    | Found the +8 orange crystal plate armour {Archmagi, Int+3
                  | Clar}
  1283 | Sewer    | HP: 2/76 [poisoned by a kobold brigand (curare-tipped
                  | dart)]
  1284 | Sewer    | Succumbed to a kobold brigand's curare-tipped dart

Illustrated notes

Levels and vault maps discovered:
D:1:      amcnicky_arrival_feature_with_door, layout_loops_ring, serial_forest,
          infiniplex_forest_lined_2, infiniplex_forest_end_1,
          infiniplex_forest_clump_small, infiniplex_forest_clump_curved,
          infiniplex_forest_lined_2, minmay_tromino_i2
D:2:      layout_loops_cross
D:3:      layout_basic, amcnicky_altar_gilded, dk_noncrumbling_3
D:4:      layout_rooms, cheibriados_altar_1, minmay_temple_entry_glassed_door,
          gup_sewer_entry_pipe, hangedman_decor_slide_cut, minmay_manual_mares,
          uniq_natasha
Sewer:    sewer_co_scattered_pipes

Skill      XL: |  1  2  3  4  5 |
---------------+----------------+-----
Long Blades    | 3 4 5 6 |  6.8
Fighting       | |  3.2
Armour         | |  3.6
Shields        | |  3.6

Action                     |  1- 3 |  4- 6 || total
---------------------------+-------+-------++-------
  Melee: Long sword        |    78 |   139 ||   217
    Use: Scroll            |     1 |     8 ||     9
         Potion            |       |     3 ||     3
 Armour: Scale mail        |    42 |       ||    42
         Leather armour    |     2 |    58 ||    60
  Dodge: Dodged            |    35 |    56 ||    91
  Block: Buckler           |    39 |    47 ||    86

Table legend: (Time is in decaauts)
 A = Elapsed time spent in this place.
 B = Non-inter-level travel time spent in this place.
 C = Inter-level travel time spent in this place.
 D = Time resting spent in this place.
 E = Time spent auto-exploring this place.
 F = Levels seen in this place.
 G = Mean time per level.
                   A        B        C        D        E       F      G
               +--------+--------+--------+--------+--------+-----+--------+
         Total |   1361 |   1361 |      0 |      0 |      0 |   5 |  272.2 |
       Dungeon |   1106 |   1106 |      0 |      0 |      0 |   4 |  276.5 |
         Sewer |    254 |    254 |      0 |      0 |      0 |   1 |  254.0 |
               +--------+--------+--------+--------+--------+-----+--------+

Top non-repeatable levels by time:
     D:1: 391 daAuts
     D:3: 362 daAuts
   Sewer: 254 daAuts
     D:2: 231 daAuts
     D:4: 121 daAuts
